 Dungeon Crawl Stone Soup version 0.17.0-22-g5edae84 (console) character file.

221 Kloppie the Firebug (level 5, 0/24 HPs)
             Began as a Vine Stalker Fire Elementalist on Nov 13, 2015.
             Succumbed to an adder's poison
             ... on level 4 of the Dungeon.
             The game lasted 00:09:37 (3189 turns).

Kloppie the Firebug (VSFE)                          Turns: 3189, Time: 00:09:37

Health: 0/24       AC:  5    Str: 11    XL:     5   Next: 98%
Magic:  1/9        EV: 12    Int: 16    God:
Gold:   133        SH:  0    Dex: 14    Spells: 2 memorised, 4 levels left

rFire  . . .     SeeInvis .     r - +0 dagger (venom)
rCold  . . .     Clarity  .     a - +0 robe
rNeg   . . .     SustAt   .     (no shield)
rPois  .         Gourm    .     w - +0 helmet
rElec  .         Spirit   +     (no cloak)
rCorr  .         Warding  .     d - +0 pair of gloves
rMut   .         Stasis   .     l - +0 pair of boots
MR     .....                    (no amulet)
Stlth  ++........               (no ring)
                                (no ring)

@: lethally poisoned (0 -> -1), not resistant to hostile enchantments,
unstealthy
A: fangs 2, regeneration 1, magic shield, antimagic bite, no device heal 3, rot
immunity
a: no special abilities


You were on level 4 of the Dungeon.
You were not hungry.

You visited 1 branch of the dungeon, and saw 4 of its levels.

You collected 133 gold pieces.

Inventory:

Hand Weapons
 f - a +0 short sword
 r - a +0 dagger of venom (weapon)
Missiles
 e - 20 poisoned needles
Armour
 a - a +0 robe (worn)
 d - a +0 pair of gloves (worn)
 l - a +0 pair of boots (worn)
 w - a +0 helmet (worn)
Jewellery
 u - an uncursed ring of flight {unknown}
 y - an uncursed ring of positive energy {unknown}
Scrolls
 i - 2 scrolls of immolation {unknown}
 j - 2 scrolls of identify {unknown}
 n - 2 scrolls of blinking {unknown}
 o - 2 scrolls of recharging {unknown}
 p - a scroll of remove curse {unknown}
 z - a scroll of teleportation {unknown}
 C - a scroll of fear {unknown}
Potions
 g - 2 potions of agility {unknown}
 h - a potion of resistance {unknown}
 q - 2 potions of curing {unknown}
 s - a potion of heal wounds {unknown}
 t - a potion of brilliance {unknown}
 v - a potion of mutation {unknown}
 x - a potion of berserk rage {unknown}
Books
 b - a book of Flames

   Spells                             Type                      Level
   a - Flame Tongue                   Conjuration/Fire             1
   b - Throw Flame                    Conjuration/Fire             2
   c - Conjure Flame                  Conjuration/Fire             3
   d - Inner Flame                    Hexes/Fire                   3
   e - Sticky Flame                   Conjuration/Fire             4
   f - Fireball                       Conjuration/Fire             5
Comestibles
 c - a bread ration
 k - 5 meat rations
 m - a royal jelly
 A - 2 chunks of flesh
 B - a slice of pizza


   Skills:
 + Level 2.5 Short Blades
 - Level 1.5 Dodging
 - Level 2.4 Stealth
 - Level 2.1 Spellcasting
 + Level 3.3 Conjurations
 + Level 4.4 Fire Magic


You had 4 spell levels left.
You knew the following spells:

 Your Spells              Type           Power        Failure   Level  Hunger
a - Flame Tongue          Conj/Fire      ##...        6%          1    #......
b - Conjure Flame         Conj/Fire      ##......     14%         3    ###....


Dungeon Overview and Level Annotations

Branches:
Dungeon (4/15)
 Temple: D:4-7

Altars:
Nemelex Xobeh
The Shining One

Annotations:
D:3 ShansongY's ghost, amateur VSMo


Innate Abilities, Weirdness & Mutations

You have extremely sharp teeth.
Your natural rate of healing is unusually fast.
When hurt, damage is shared between your health and your magic reserves.
Your bite disrupts and absorbs the magic of your enemies.
Potions and wands cannot restore your health.
You are immune to rotting.


Message History

You feel sick. The giant gecko bites you.
* * * LOW HITPOINT WARNING * * *
The adder misses you.
You miss the adder. Your bite misses the adder.
The adder is almost dead.
You kill the adder!
The giant gecko bites you.
* * * LOW HITPOINT WARNING * * *
You hit the giant gecko but do no damage.
You feel sick. The giant gecko bites you.
* * * LOW HITPOINT WARNING * * *
The iguana bites you but does no damage.
You miss the giant gecko. The giant gecko misses you.
The iguana completely misses you.
You hit the giant gecko.
The giant gecko is poisoned.
The giant gecko is heavily wounded.
You kill the giant gecko!
The iguana bites you!
* * * LOW HITPOINT WARNING * * *
You die...

.#.........
..........
..........
......... ##
......... #..
#........ ....
##........ .....
#.@.......
..>...##..$......
.......l.†.......
?....###.........
..% #......... #
##........
##......# #######


You could see an iguana.

Vanquished Creatures
  An orc wizard (D:2)
  Terence (D:2)
  Robin (D:2)
  4 adders
  An ooze (D:1)
  3 worms
  A giant gecko (D:4)
  9 orcs (D:3)
  9 bats
  5 giant cockroaches
  13 hobgoblins
  6 jackals
  A quokka (D:3)
  5 giant newts
  14 goblins
  12 kobolds
  11 rats
97 creatures vanquished.

Notes
Turn   | Place    | Note
--------------------------------------------------------------
     0 | D:1      | Kloppie the Vine Stalker Fire Elementalist began the quest for the Orb.
     0 | D:1      | Reached XP level 1. HP: 9/9 MP: 4/4
   131 | D:1      | Reached XP level 2. HP: 10/13 MP: 0/6
   562 | D:1      | Reached XP level 3. HP: 16/16 MP: 5/7
   567 | D:1      | Learned a level 3 spell: Conjure Flame
  1270 | D:2      | Reached skill level 1 in Short Blades
  1342 | D:2      | Reached XP level 4. HP: 19/21 MP: 4/8
  1465 | D:2      | Noticed Robin
  1573 | D:2      | Killed Robin
  1927 | D:2      | Noticed Terence
  1944 | D:2      | Killed Terence
  1944 | D:2      | Reached skill level 4 in Fire Magic
  2013 | D:2      | Reached XP level 5. HP: 24/24 MP: 9/9
  2198 | D:3      | Found a glowing golden altar of the Shining One.
  2321 | D:3      | Noticed ShansongY's ghost (amateur VSMo)
  3130 | D:3      | Found a sparkling altar of Nemelex Xobeh.
  3188 | D:4      | HP: 1/24 [iguana (5)]
  3189 | D:4      | Succumbed to an adder's poison

Action                   |  1- 3 |  4- 6 || total
-------------------------+-------+-------++-------
Melee: Unarmed           |    27 |       ||    27
       Short sword       |    79 |   164 ||   243
       Dagger            |       |    52 ||    52
 Cast: Flame Tongue      |    13 |    16 ||    29
       Conjure Flame     |       |     1 ||     1
 Stab: Sleeping          |    10 |     3 ||    13
  Eat: Chunk             |     2 |     6 ||     8
